 Dungeon Crawl Stone Soup version 0.29.1-1-gd02db6906a (webtiles) character file.

Game seed: 15833083316257281945

322 LabCoat the Chopper (level 6, -3/32 (53) HPs)
             Began as a Hill Orc Fighter on Sept 15, 2022.
             Slain by Crazy Yiuf
             ... wielding a +4 quarterstaff of chaos
              (4 damage)
             ... on level 3 of the Dungeon.
             The game lasted 00:07:53 (2313 turns).

LabCoat the Chopper (Hill Orc Fighter)              Turns: 2313, Time: 00:07:54

HP:   -3/32 (53)    AC: 11    Str: 21    XL:     6   Next: 47%
MP:   6/6           EV:  9    Int:  8    God:
Gold: 136           SH:  4    Dex: 10    Spells: 5/5 levels left

rFire   . . .      SeeInvis .   a - +0 war axe
rCold   . . .      Faith    .   c - +0 buckler
rNeg    . . .      Spirit   .   b - +0 scale mail
rPois   .          Reflect  .   n - +2 helmet
rElec   .          Harm     .   l - +0 cloak
rCorr   .          Rampage  .   (no gloves)
Will    .....                   (no boots)
Stlth   ..........              (no amulet)
HPRegen 0.10/turn               (no ring)
MPRegen 0.10/turn               (no ring)

@: mighty, lethally poisoned (-3 -> -9), very heavily drained
A: no striking features
a: no special abilities


You were on level 3 of the Dungeon.
You visited 1 branch of the dungeon, and saw 3 of its levels.

You collected 136 gold pieces.

Inventory:

Hand Weapons
 a - a +0 war axe (weapon)
Missiles
 m - 3 boomerangs (quivered)
Armour
 b - a +0 scale mail (worn)
 c - a +0 buckler (worn)
 l - a +0 cloak (worn)
 n - a +2 helmet (worn)
Wands
 f - a wand of flame (23)
 o - a wand of digging (2)
Scrolls
 g - 2 scrolls of enchant armour
 h - a scroll of immolation
 p - 2 scrolls of teleportation
Potions
 e - a potion of attraction {unknown}
 i - a potion of heal wounds
 k - a potion of curing
 q - a potion of lignification


   Skills:
 + Level 4.7 Fighting
 * Level 5.4 Axes
 + Level 1.3 Throwing
 + Level 4.3 Armour
 + Level 4.3 Shields
 + Level 1.6 Evocations


You had 5 spell levels left.
You didn't know any spells.
Your spell library contained the following spells:

 Spells                   Type           Power      Damage    Failure   Level
 Beastly Appendage        Tmut           0%         N/A       83%         1
 Static Discharge         Conj/Air       0%         3-3/arc   92%         2
 Wereblood                Tmut           0%         N/A       92%         2
 Spider Form              Tmut/Pois      0%         N/A       99%         3
 Dispel Undead            Necr           0%         3d6       100%        4
 Sticky Flame             Conj/Fire      0%         2d3       100%        4


Dungeon Overview and Level Annotations

Branches:
Dungeon (3/15)

Altars:

Shops:
D:1 (

Annotations:
D:3 Crazy Yiuf


Message History

Aim: a ball python (53% to hit)
You throw a boomerang. The boomerang hits the ball python.
You kill the ball python!
Found a hammer.
Found a runed translucent door.
Crazy Yiuf shouts!
You feel very mighty all of a sudden.
You open the door. You barely miss Crazy Yiuf.
Crazy Yiuf hits you with a +4 quarterstaff of chaos.
Crazy Yiuf freezes you.
You barely miss Crazy Yiuf. Crazy Yiuf hits you but does no damage.
Crazy Yiuf waves his quarterstaff at you.
You block Crazy Yiuf's attack.
You hit Crazy Yiuf.
Crazy Yiuf is lightly wounded.
Crazy Yiuf barely misses you.
You barely miss Crazy Yiuf.
Crazy Yiuf is lightly wounded.
Crazy Yiuf hits you with a +4 quarterstaff of chaos.
Crazy Yiuf burns you.
You slash Crazy Yiuf!
Crazy Yiuf is heavily wounded.
Crazy Yiuf barely misses you.
You barely miss Crazy Yiuf.
Crazy Yiuf is heavily wounded.
Crazy Yiuf whimpers, "Two!"
You block Crazy Yiuf's attack.
Crazy Yiuf hits you with a +4 quarterstaff of chaos.
Crazy Yiuf freezes you.
You slash Crazy Yiuf!
Crazy Yiuf is almost dead.
Crazy Yiuf hits you but does no damage.
You are poisoned.
You closely miss Crazy Yiuf.
Crazy Yiuf is almost dead.
You feel sick.
Crazy Yiuf hits you with a +4 quarterstaff of chaos!
* * * LOW HITPOINT WARNING * * *
Crazy Yiuf freezes you.
You die...

##..## #....#
#.#.. #....#
####.###.#.#
♣....♣ #........
♣♣...♣ #####.#.#
♣♣.♣♣ #.#.# ♣♣.♣
#.#.# ♣.♣♣ #.#.#
♣♣.♣ #.#.# ♣@♣♣
#.#.. #g# #.###
... #######
#...# #.....#
#)..# #.....#
##### #.....#
#.....# #.#
##########..<..#
#..
.........#.....#
...


You could see Crazy Yiuf.

Vanquished Creatures
  Sigmund (D:2)
  Ijyb (D:3)
  Natasha (D:3)
  Robin (D:2)
  2 adders
  3 worms
  3 dart slugs (D:2)
  8 endoplasms
  4 giant cockroaches
  16 goblins
  6 hobgoblins
  4 jackals
  2 kobolds
  2 quokkas
  9 ball pythons
  3 bats
  3 frilled lizards
  8 rats
77 creatures vanquished.

Vanquished Creatures (others)
  3 plants (D:2)
3 creatures vanquished.

Grand Total: 80 creatures vanquished

Notes
Turn   | Place    | Note
-------+----------+-------------------------------------------
     0 | D:1      | LabCoat the Hill Orc Fighter began the quest for the Orb.
     0 | D:1      | Reached XP level 1. HP: 19/19 MP: 1/1
    56 | D:1      | Reached skill level 3 in Axes
   161 | D:1      | Reached XP level 2. HP: 21/27 MP: 2/2
   363 | D:1      | Found Bobbad's Antique Weapon Shoppe.
   633 | D:2      | Reached XP level 3. HP: 33/33 MP: 3/3
   639 | D:2      | Noticed Robin
   648 | D:2      | Killed Robin
   685 | D:2      | Found a faded altar of an unknown god.
   764 | D:2      | Reached skill level 4 in Axes
   941 | D:2      | Reached XP level 4. HP: 40/40 MP: 4/4
  1177 | D:2      | Noticed Sigmund
  1193 | D:2      | Killed Sigmund
  1194 | D:2      | Reached skill level 5 in Axes
  1194 | D:2      | Reached skill level 1 in Throwing
  1194 | D:2      | Reached skill level 1 in Evocations
  1194 | D:2      | Reached XP level 5. HP: 45/47 MP: 5/5
  1269 | D:2      | Reached XP level 6. HP: 53/53 MP: 6/6
  1594 | D:3      | Noticed Ijyb
  1620 | D:3      | Killed Ijyb
  2106 | D:3      | Noticed Natasha
  2110 | D:3      | Killed Natasha
  2300 | D:3      | Found a runed translucent door.
  2301 | D:3      | Noticed Crazy Yiuf
  2313 | D:3      | HP: 1/32 [Crazy Yiuf/+4 quarterstaff of chaos (11)]
  2313 | D:3      | Slain by Crazy Yiuf

Illustrated notes

Levels and vault maps discovered:
D:1:      dpeg_arrival_fog, layout_rooms, serial_shops, shop_fountains
D:2:      layout_loops_ring, chequers_ecumenical_altar_lobes,
          chequers_serial_rivers_small_3, chequers_serial_rivers_micro_a,
          minmay_guardbox, uniq_robin, uniq_sigmund
D:3:      layout_basic, uniq_natasha, uniq_ijyb, uniq_crazy_yiuf_cottage

Skill      XL: |  1  2  3  4 |
---------------+-------------+-----
Axes           | 3 4 5 |  5.4
Fighting       | 4 |  4.7
Throwing       | 1 |  1.3
Armour         | 4 |  4.3
Shields        | 4 |  4.3
Evocations     | 1 |  1.6

Action                   |  1- 3 |  4- 6 || total
-------------------------+-------+-------++-------
Melee: War axe           |    89 |   102 ||   191
Throw: Boomerang         |    13 |    37 ||    50
  Use: Scroll            |     3 |     6 ||     9
       Potion            |       |     1 ||     1
Armor: Scale mail        |    42 |    52 ||    94
Dodge: Dodged            |    31 |    27 ||    58
Block: Buckler           |    23 |    20 ||    43
